← All builds
Suicide front / Armada / Factory first / OBSERVED BUILD

Standard suicide front

Armada Suicide front build order · Supreme Isthmus

The role's baseline: Bot Lab at 0:21 then straight into reclaim-fed T1 bot production to contest the middle and hold until T2 arrives, with an Advanced Metal Extractor around 9:45.

#rush · 2020 distinct matches · 232 players · 71% of Armada Suicide front games · team won 59% of 2395 · Recently observed

HOW TO PLAY IT

Key timing: Bot Lab by 0:20

  1. Open with mex and lab-first to get Bot Lab up by 0:20.
  2. Expand mex and wind while lab pumps units toward middle.
  3. Push Sentry and early Rocketeer, Centurion to contest middle.
  4. Get T2 constructor out once Pond's boost lets you spare metal.
  5. Upgrade mex to Advanced Metal Extractor as you transition off T1 spam.

Phase by phase

TYPICAL OF ITS 2020 GAMES
  1. 1
  2. 2
  3. 3
PLAY THE OPENING

Follow the example game's first 6:00 step by step: what to build now, what comes next, and where it goes. At 1× it keeps pace with your own game.

  1. 1

    Bot Lab first

    Order
    1. Bot LabBot Lab done ~0:21, middle half 0:20–0:33

    Some games also: mex (44%)

  2. 2

    Bot Lab to 5:00

    Economy
    • Metal Extractor5Mex
    • Wind Turbine4Wind
    Builders
    • Construction Bot3 Con bot
    • Lazarus2 Lazarus
    Army
    • Sentry4 Sentry
    • Rocketeer16 Rocketeer
    • Tick2 Tick
    • Centurion1 Centurion
    Other
    • Radar Tower1 Radar Tower

    Some games also: pawn (37%) · con turret (34%)

    By 5:00 in all: 5 mex · 4 wind

    The example game in this phase · 42 steps
    1. TickTick
    2. Mex
    3. LazarusLazarus ×2
    4. Construction BotCon bot
    5. PawnPawn
    6. Mex
    7. PawnPawn ×7
    8. Construction BotCon bot ×2
    9. RocketeerRocketeer
    10. Radar TowerRadar Tower
    11. RocketeerRocketeer
    12. Mex
    13. MaceMace
    14. RocketeerRocketeer
    15. Radar TowerRadar Tower
    16. RocketeerRocketeer
    17. MaceMace
    18. LazarusLazarus
    19. RocketeerRocketeer ×2
    20. MaceMace
    21. SentrySentry
    22. Wind
    23. RocketeerRocketeer
    24. Mex
    25. RocketeerRocketeer
    26. MaceMace
    27. Wind
    28. SentrySentry
    29. LazarusLazarus
    30. RocketeerRocketeer
    31. Wind
    32. Radar TowerRadar Tower
    33. RocketeerRocketeer
    34. MaceMace
    35. SentrySentry
    36. RocketeerRocketeer
    37. Wind
    38. RocketeerRocketeer
    39. Mex
    40. LazarusLazarus
    41. Wind
    42. LazarusLazarus
  3. 3

    5:00 to 10:00

    Economy
    • Metal Extractor1Mex
    • Wind Turbine15Wind
    Builders
    • Construction Turret2 Con turret
    • Lazarus2 Lazarus
    • Construction Bot1 Con bot
    Army
    • Sentry1 Sentry
    • Rocketeer8 Rocketeer

    Some games also: pawn (49%) · Radar Tower (46%) · tick (45%) · centurion (44%) · energy storage (43%) · eat Bot Lab (31%)

    By 10:00 in all: 6 mex · 21 wind · 1 energy storage · 2 con turret

    The example game in this phase · 110 steps
    1. LazarusLazarus
    2. Wind
    3. LazarusLazarus
    4. SentrySentry
    5. LazarusLazarus
    6. SentrySentry
    7. LazarusLazarus
    8. Wind
    9. MaceMace
    10. SentrySentry
    11. LazarusLazarus
    12. Wind
    13. RocketeerRocketeer
    14. Con turret
    15. RocketeerRocketeer
    16. MaceMace
    17. SentrySentry
    18. Wind
    19. RocketeerRocketeer
    20. SentrySentry
    21. LazarusLazarus
    22. RocketeerRocketeer
    23. SentrySentry
    24. Wind
    25. Construction BotCon bot
    26. RocketeerRocketeer
    27. MaceMace
    28. LazarusLazarus
    29. Wind
    30. RocketeerRocketeer ×2
    31. PawnPawn
    32. Wind
    33. PawnPawn ×4
    34. Wind
    35. PawnPawn ×4
    36. Wind
    37. PawnPawn
    38. Construction BotCon bot
    39. MaceMace
    40. LazarusLazarus
    41. Wind
    42. RocketeerRocketeer ×2
    43. MaceMace
    44. LazarusLazarus
    45. Wind
    46. RocketeerRocketeer ×2
    47. MaceMace
    48. Wind
    49. LazarusLazarus
    50. RocketeerRocketeer
    51. Con turret
    52. Energy storage
    53. RocketeerRocketeer
    54. Construction BotCon bot ×2
    55. MaceMace
    56. LazarusLazarus
    57. Wind
    58. RocketeerRocketeer ×2
    59. MaceMace
    60. Wind
    61. LazarusLazarus
    62. RocketeerRocketeer
    63. Wind
    64. RocketeerRocketeer
    65. MaceMace
    66. BeamerBeamer
    67. LazarusLazarus
    68. BeamerBeamer
    69. Wind
    70. PawnPawn ×3
    71. Wind
    72. PawnPawn ×2
    73. Advanced Metal ExtractorT2 mexnot finished by 15:00 · typical 9:46
    74. PawnPawn ×2
    75. Wind
    76. Construction BotCon bot
    77. Advanced Metal ExtractorT2 mex
    78. Wind
    79. PawnPawn ×3
    80. Wind
    81. PawnPawn ×5
    82. Wind ×2
    83. Mex
    84. Wind
    85. BeamerBeamer
    86. Wind
    87. Bot LabBot Labdone 13:08
    88. Wind ×2
    89. PawnPawn ×2
    90. Wind
    91. PawnPawn ×3
    92. Con turret
    93. PawnPawn ×2
    94. Wind
    95. PawnPawn ×2
    96. Wind
    97. PawnPawn
    98. Converter
    99. LazarusLazarus
    100. Converter
    101. Wind
    102. Converter
    103. Wind
    104. Converter
    105. Radar TowerRadar Tower
    106. Converter
    107. Wind
    108. Converter
    109. Wind
    110. Converter

Counts are medians over the build's games: half of them build more, half fewer. The example game is NoobSlayer's (30 OS, 15/08/2026); pick another.

Team trades

IN AT LEAST 30% OF ITS GAMES

You hand over

Nothing regular.

You get

  • Tidal Generator4 Tidal from Pondfirst at 0:11 · in 68% of games
  • Advanced Construction Bot1 T2 con bot from Geo or Techfirst at 7:41 · in 57% of games

How it plays out

Typical game of this build, running totals by minute

Metal produced

010k20k
0:005:0010:0015:00

metal

Enemy metal destroyed

05k10k
0:005:0010:0015:00

metal

Own metal lost

05k10k
0:005:0010:0015:00

metal

2395 games.

Show as table
ByMetal produced: This buildEnemy metal destroyed: This buildOwn metal lost: This build
1:0023000
2:0088600
3:002007184130
4:003108643501
5:0041841352998
6:00534921831707
7:00654430512590
8:00776039353502
9:00903546904383
10:001041253145163
11:001188958585965
12:001358364066686
13:001540468757453
14:001729875038214
15:001929281099007
WHAT THE NUMBERS SAY

Standard Suicide front play wins a bit over half its games while taking the heaviest own losses of any role by 15:00.

  • + Produces 20142 metal by 15:00, highest of the front roles.
  • + First kill by 2:01 in all games, fastest contest of middle.
  • − Own metal lost hits 9178 by 15:00, more than enemy metal destroyed.
  • − Only 34% Rocketeer share shows army spread thin across many bot types.
THE EXAMPLE YOU ARE READING

NoobSlayer

30.2 OS · 15/08/2026

Open source match ↗

6 received units · includes a constructor
115 metal received · 43422 energy received

Allied construction assistance is unknown. Timings are observations, not a promise of solo reproducibility.

Typical milestones

Bot Lab0:21Middle 50%: 0:20–0:33 · n=2387
Advanced Metal Extractor9:46Middle 50%: 8:50–10:58 · n=1732

Played most by

_X_262games of this buildPlatinumBlonde188games of this buildXad165games of this buildTrapCaT109games of this buildImmort80games of this build